 Dungeon Crawl Stone Soup version bcrawl-1.19.2-6-g6a88ae04c9 (webtiles) character file.

Game seed: 8160382423562099941

1318 Mrkan the Skirmisher (level 8, -7/73 HPs)
             Began as a Hill Orc Fighter on Dec 24, 2019.
             Was a Believer of Okawaru.
             Killed by divine providence
             ... invoked by an orc priest
              (13 damage)
             ... on level 6 of the Dungeon.
             The game lasted 00:06:22 (4988 turns).

Mrkan the Skirmisher (Hill Orc Fighter)             Turns: 4988, Time: 00:06:23

Health: -7/73      AC: 17    Str: 20    XL:     8   Next: 59%
Magic:  8/8        EV:  4    Int: 13    God:    Okawaru [**....]
Gold:   363        SH: 10    Dex: 11    Spells: 7/7 levels left

rFire    . . .     SeeInvis .   g - +0 spear (venom)
rCold    . . .     Gourm    .   c - +0 shield
rNeg     . . .     Faith    .   s - +0 plate armour
rPois    .         Spirit   .   (no helmet)
rElec    .         Reflect  .   x - +2 cloak
rCorr    .         Harm     .   w - +0 pair of gloves
MR       .....                  (no boots)
Stlth    ..........             (no amulet)
HPRegen  0.22/turn              (no ring)
MPRegen  0.11/turn              (no ring)

@: brilliant
A: no striking features
a: Heroism, Renounce Religion, Convert to Beogh


You were on level 6 of the Dungeon.
You worshipped Okawaru.
Okawaru was pleased with you.
You were not hungry.

You visited 1 branch of the dungeon, and saw 6 of its levels.

You collected 363 gold pieces.

Inventory:

Hand Weapons
 g - a +0 spear of venom (weapon)
Missiles
 h - 57 javelins (quivered)
Armour
 c - a +0 shield (worn)
 s - a +0 plate armour (worn)
 w - a +0 pair of gloves (worn)
 x - a +2 cloak (worn)
Jewellery
 A - an uncursed amulet of rage {unknown}
Scrolls
 b - 3 scrolls of magic mapping
 e - a scroll of amnesia
 l - 2 scrolls of fear {unknown}
 m - 2 scrolls of immolation {unknown}
 o - a scroll of blinking {unknown}
 p - 6 scrolls of identify
 q - 7 scrolls of remove curse {unknown}
 r - a scroll of noise {unknown}
 y - a scroll of enchant weapon {unknown}
Potions
 a - a potion of lignification {unknown}
 d - 3 potions of might
 i - 2 potions of brilliance
 j - a potion of cancellation {unknown}
 k - 4 potions of heal wounds {unknown}
 n - a potion of agility {unknown}
 t - 2 potions of curing {unknown}
 u - a potion of resistance {unknown}
 v - 2 potions of degeneration {unknown}
 z - a potion of flight {unknown}
 B - a potion of magic {unknown}
Comestibles
 f - 4 rations {!d}


   Skills:
 * Level 7.3 Fighting
   Level 7.3 Short Blades
   Level 7.3 Long Blades
   Level 7.3 Axes
   Level 7.3 Maces & Flails
   Level 7.3 Polearms
   Level 7.3 Staves
 + Level 6.4 Armour
 + Level 6.4 Shields
   Level 7.3 Unarmed Combat


You had 7 spell levels left.
You didn't know any spells.
Your spell library was empty.

Dungeon Overview and Level Annotations

Branches:
Dungeon (6/12)             Temple (0/1) D:5

Altars:
Ashenzari
Cheibriados
Elyvilon
Gozag
Hepliaklqana
Nemelex Xobeh
Okawaru
Ru
Trog
Wu Jian
Xom

Shops:
D:6 }


Message History

The orc hits you but does no damage. You block the orc's attack.
The orc warrior hits you with a +0 long sword!
* * * LOW HITPOINT WARNING * * *
You hit the orc warrior but do no damage.
The orc warrior looks more poisoned.
The orc warrior is almost dead.
You kill the orc warrior!
Okawaru accepts your kill. The orc barely misses you.
You hit the orc.
The orc is poisoned.
The orc is lightly wounded.
You block the orc's attack. The orc hits you with a +0 whip.
* * * LOW HITPOINT WARNING * * *
The orc hits you but does no damage.
It was a potion of brilliance.
You feel clever all of a sudden. The orc hits you but does no damage. x3
The orc priest invokes the aid of Beogh against you.
Beogh smites you!
You die...

#......#
#..(
#..#.###
#.## #....#
#. #..### #
# #..# ##.
#..##
#.o##...#
#oooo.#.#
.....#@##...
#.#. #o#
###(> # #o#
##


oo# oa# .... #.## .. You could see a worker ant, 2 orc priests and 8 orcs.

Vanquished Creatures
  A hungry ghost (D:5)
  An orc warrior (D:6)
  2 sky beasts (D:6)
  An ogre (D:6)
  A phantom (D:6)
  A centaur (D:6)
  A bullfrog (D:6)
  A scorpion (D:4)
  A crimson imp (D:4)
  2 hounds (D:4)
  2 orc wizards
  A quasit (D:4)
  An iguana (D:4)
  5 worker ants
  2 hound skeletons (D:5)
  9 adders
  A gnoll (D:5)
  An adder skeleton (D:4)
  2 worms
  3 dart slugs
  6 leopard geckos
  11 orcs
  2 ball pythons
  4 bats
  9 goblins
  3 hobgoblins (D:3)
  2 quokkas
  A frilled lizard (D:2)
  A jackal skeleton (D:5)
  10 kobolds
  5 rats
93 creatures vanquished.

Notes
Turn   | Place    | Note
-------+----------+-------------------------------------------
     0 | D:1      | Mrkan the Hill Orc Fighter began the quest for the Orb.
     0 | D:1      | Reached XP level 1. HP: 20/20 MP: 1/1
   239 | D:1      | Reached XP level 2. HP: 21/27 MP: 2/2
   902 | D:2      | Reached XP level 3. HP: 10/34 MP: 3/3
  1232 | D:2      | Reached XP level 4. HP: 37/41 MP: 4/4
  1566 | D:2      | Found an opulent altar of Gozag.
  2083 | D:3      | Found a sacrificial altar of Ru.
  2092 | D:3      | Reached skill level 5 in Fighting
  2092 | D:3      | Reached XP level 5. HP: 44/48 MP: 5/5
  2485 | D:3      | Found a bloodstained altar of Trog.
  2504 | D:3      | Found an iron altar of Okawaru.
  2514 | D:3      | Became a worshipper of Warmaster Okawaru
  2870 | D:3      | Found a shimmering altar of Xom.
  2873 | D:3      | Paralysed by an orc for 3 turns
  3028 | D:4      | Reached XP level 6. HP: 55/56 MP: 6/6
  3139 | D:4      | Found a white marble altar of Elyvilon.
  3288 | D:4      | Reached skill level 5 in Armour
  3288 | D:4      | Reached skill level 5 in Shields
  3368 | D:4      | Reached * piety under Okawaru
  3368 | D:4      | Reached XP level 7. HP: 62/62 MP: 7/7
  3423 | D:4      | Found a snail-covered altar of Cheibriados.
  3471 | D:4      | Found a hazy altar of Hepliaklqana.
  3774 | D:5      | Entered Level 5 of the Dungeon
  3843 | D:5      | Found a staircase to the Ecumenical Temple.
  3973 | D:5      | Reached skill level 6 in Fighting
  4065 | D:5      | Found a sparkling altar of Nemelex Xobeh.
  4152 | D:5      | Found a shattered altar of Ashenzari.
  4206 | D:5      | Noticed a hungry ghost
  4275 | D:5      | Killed a hungry ghost
  4503 | D:6      | Reached XP level 8. HP: 32/71 MP: 8/8
  4729 | D:6      | Found Jexug's Gadget Emporium.
  4731 | D:6      | Found an ornate altar of the Wu Jian Council.
  4806 | D:6      | Reached ** piety under Okawaru
  4806 | D:6      | Reached skill level 7 in Fighting
  4988 | D:6      | Killed from afar by an orc priest

Skill      XL: |  1  2  3  4  5  6  7  8 |
---------------+-------------------------+-----
Armour         | 4 5 6 |  6.4
Shields        | 4 5 6 |  6.4
Fighting       | 5 6 7 |  7.3
Short Blades   | |  7.3
Long Blades    | |  7.3
Axes           | |  7.3
Maces & Flails | |  7.3
Polearms       | |  7.3
Staves         | |  7.3
Unarmed Combat | |  7.3

Action                   |  1- 3 |  4- 6 |  7- 9 || total
-------------------------+-------+-------+-------++-------
Melee: War axe           |    86 |   140 |       ||   226
       Spear             |       |    59 |   243 ||   302
  Use: Scroll            |       |     3 |       ||     3
       Potion            |       |       |     1 ||     1
  Eat: Chunk             |     1 |     7 |     6 ||    14
       Ration            |       |       |     6 ||     6
Armor: Scale mail        |    22 |       |       ||    22
       Plate armour      |    14 |   141 |   115 ||   270
Dodge: Dodged            |    16 |    29 |    25 ||    70
Block: Shield            |    55 |   109 |    88 ||   252
